 Dungeon Crawl Stone Soup version 0.30.1 (webtiles) character file.

Game seed: 1076867283327954583

36 Graphine the Ducker (level 3, -1/28 HPs)
             Began as a Merfolk Gladiator on July 3, 2023.
             Slain by Grinder (7 damage)
             ... on level 3 of the Dungeon.
             The game lasted 00:03:09 (1686 turns).

Graphine the Ducker (Merfolk Gladiator)             Turns: 1686, Time: 00:03:10

Health: -1/28      AC:  5    Str: 14    XL:     3   Next: 37%
Magic:  3/3        EV: 13    Int:  7    God:
Gold:   116        SH:  0    Dex: 17    Spells: 2/2 levels left

rFire   . . .        a - +0 long sword
rCold   . . .        (no shield)
rNeg    . . .        b - +0 leather armour
rPois   .            c - +1 helmet
rElec   .            (no cloak)
rCorr   .            (no gloves)
SInv    .            (no boots)
Will    .....        (no amulet)
Stlth   +            (no ring)
HPRegen 0.24/turn    (no ring)
MPRegen 0.08/turn

%: no passive effects
@: no status effects
A: (nimble swimmer 2), mertail
a: no special abilities


You were on level 3 of the Dungeon.
You visited 1 branch of the dungeon, and saw 3 of its levels.

You collected 116 gold pieces.

Inventory:

Hand Weapons
 a - a +0 long sword (weapon)
Missiles
 d - 2 throwing nets
 h - a javelin
 r - 11 stones (quivered)
Armour
 b - a +0 leather armour (worn)
 c - a +1 helmet (worn)
Scrolls
 e - 2 scrolls of identify
 f - a scroll of poison
Potions
 g - a potion of invisibility {unknown}
 i - 2 potions of degeneration
 n - a potion of curing {unknown}


   Skills:
 + Level 2.7 Fighting
 + Level 4.1 Long Blades
 + Level 2.5 Throwing
 + Level 4.5 Dodging


You had 2 spell levels left.
You didn't know any spells.
Your spell library contained the following spells:

 Spells                   Type           Power      Damage    Failure   Level
 Shock                    Conj/Air       0%         1d3       52%         1
 Cigotuvi's Dreadful Rot  Necr/Pois/Air  0%         N/A       65%         2
 Swiftness                Air            0%         N/A       87%         3
 Airstrike                Air            0%         2d(0-16)  99%         4
 Dispel Undead            Necr           0%         3d6       99%         4
 Death Channel            Necr           0%         N/A       100%        6


Dungeon Overview and Level Annotations

Branches:
Dungeon (3/15)

Altars:

Shops:
D:1 [

Annotations:
D:3 Grinder


Innate Abilities, Weirdness & Mutations

((You are very nimble when in or above water. (Stealth+, EV+, Speed+++)))
Your lower body shifts to a powerful aquatic tail in water.


Message History

Press: ? - help, Dir - move target
As you read the scroll labelled LOIVATT DATITH, it crumbles to dust.
It was a scroll of blinking.
Your surroundings suddenly seem different.
Done exploring.
Done exploring.
There is a stone staircase leading down here.
Okay, then.
You climb downwards.
There is a stone staircase leading up here.
You throw a stone. The stone hits the goblin.
The goblin shouts!
The goblin is moderately wounded.
You hear a shout!
Grinder comes into view.
Okay, then.
Grinder attacks as you move away! Grinder hits you.
You writhe in agony.
You hit the goblin.
The goblin is heavily wounded.
Grinder blinks!
The goblin barely misses you.
You hit the goblin.
You kill the goblin!
Grinder gestures at you. Pain shoots through your body!
There is a stone staircase leading up here.
You see here a +0 club.
Hit: a) +0 long sword
Press: ? - help, Dir - move target, f - Grinder
Aim: Grinder (about 42% to evade your +0 long sword)
You hit Grinder.
Grinder is lightly wounded.
Grinder hits you!
* * * LOW HITPOINT WARNING * * *
Hit: a) +0 long sword
Press: ? - help, Dir - move target, f/p - Grinder
Aim: Grinder (lightly wounded, about 42% to evade your +0 long sword)
You slash Grinder!
Grinder is moderately wounded.
Grinder hits you!
You die...

#.. #.#
#.# #.#
#.# #.#
#.# #.#
#@#
#.5...#
#.#.###
#####


You could see Grinder.

Vanquished Creatures
  An adder (D:2)
  A worm (D:2)
  A ball python (D:1)
  3 endoplasms (D:2)
  A giant cockroach (D:2)
  4 goblins
  2 hobgoblins (D:1)
  4 jackals (D:2)
  2 quokkas (D:1)
  A kobold (D:2)
20 creatures vanquished.

Notes
Turn   | Place    | Note
-------+----------+-------------------------------------------
     0 | D:1      | Graphine the Merfolk Gladiator began the quest for the Orb.
     0 | D:1      | Reached XP level 1. HP: 16/16 MP: 1/1
   163 | D:1      | Reached XP level 2. HP: 22/23 MP: 2/2
   174 | D:1      | Found Listracia's Armour Shoppe.
   289 | D:1      | Found a faded altar of an unknown god.
   758 | D:2      | Identified the +4 shortbow of Bezial {freeze, rPois rF+}
  1572 | D:2      | Reached XP level 3. HP: 28/28 MP: 3/3
  1680 | D:3      | Noticed Grinder
  1686 | D:3      | Slain by Grinder

Illustrated notes

Levels and vault maps discovered:
D:1:      tekkud_arrival_beachfront_property, layout_rooms, serial_shops,
          nicolae_shop_statue_plus, ebering_ecumenical_altar_box
D:2:      layout_basic, nicolae_kite_square_tiling_tiny, minmay_split_cup_small
D:3:      layout_basic, marbit_many_paths, uniq_grinder, uniq_jessica

Skill      XL: |  1  2 |
---------------+-------+-----
Long Blades    | 4 |  4.1
Fighting       | |  2.7
Throwing       | |  2.5
Dodging        | |  4.5

Action                     || total
---------------------------++-------
  Melee: Long sword        ||    55
  Throw: Javelin           ||     1
         Stone             ||    23
         Throwing net      ||     2
    Use: Scroll            ||    10
   Stab: Held in net/web   ||     1
         Sleeping          ||     1
 Armour: Leather armour    ||    14
  Dodge: Dodged            ||    44
